cohdb
Replays
Latest Replays
All Replays
Popular Replays
Top Player Replays
Match Explorer
How It Works
Community
CoH3 Stats
Reddit
Sign in to upload your games and track your stats! →
Sign in with Steam
Match 46563550
Unlisted
Match 46563550
Overview
Messages
Build Orders
End
Kradschützen Motorcycle Team
Panzerpioneer Squad
Panzerpioneer Squad
Construct Light Support Kompanie
Panzerjäger Squad
Assault Grenadier Squad
250 Light Carrier
Selects Armored Support Battlegroup
Selects Superior Fire Drills
Combat Half-tracks
Assault Mechanized Group
250 Light Carrier
250 Light Carrier
Panzerjäger Squad
Selects Flammpanzer III Medium Tank
Flammpanzer III Medium Tank
Panzerjäger Mechanized Group
Flammpanzer III Medium Tank
不吃香菜
天天关注喵
Esxile
Swan
0
0
Comments
sign in to comment!
No comments posted yet!